 Dungeon Crawl Stone Soup version 0.30.2 (webtiles) character file.

Game seed: 9750902438626089926

100 porpoise the Poker (level 4, -3/35 HPs)
             Began as a Merfolk Gladiator on Jan 25, 2024.
             Slain by Crazy Yiuf
             ... wielding a +2 quarterstaff of chaos
              (9 damage)
             ... on level 4 of the Dungeon.
             The game lasted 00:06:15 (2020 turns).

porpoise the Poker (Merfolk Gladiator)              Turns: 2020, Time: 00:06:16

Health: -3/35      AC:  6    Str: 14    XL:     4   Next: 73%
Magic:  4/4        EV: 12    Int:  7    God:
Gold:   168        SH:  0    Dex: 17    Spells: 3/3 levels left

rFire   . . .        a - +0 trident
rCold   . . .        (no shield)
rNeg    . . .        j - +0 ring mail
rPois   .            c - +0 helmet
rElec   .            (no cloak)
rCorr   .            (no gloves)
SInv    .            (no boots)
Will    .....        (no amulet)
Stlth   ++           (no ring)
HPRegen 0.25/turn    (no ring)
MPRegen 0.09/turn

%: no passive effects
@: no status effects
A: (nimble swimmer 2), mertail
a: no special abilities


You were on level 4 of the Dungeon.
You visited 1 branch of the dungeon, and saw 4 of its levels.

You collected 168 gold pieces.

Inventory:

Hand Weapons
 a - a +0 trident (weapon)
 b - a +0 sling
Missiles
 d - 3 throwing nets (quivered)
 e - a javelin
 g - 7 poisoned darts
 h - 7 atropa-tipped darts
Armour
 c - a +0 helmet (worn)
 j - a +0 ring mail (worn)
 t - an orb of light
Wands
 r - a wand of digging (5)
Scrolls
 f - a scroll of summoning {unknown}
 i - a scroll of magic mapping {unknown}
 k - 3 scrolls of poison
 l - a scroll of brand weapon {unknown}
 n - a scroll of immolation
 o - 2 scrolls of vulnerability
 v - a scroll of amnesia {unknown}
Potions
 m - 2 potions of flight
 p - 2 potions of ambrosia
 q - a potion of brilliance
 s - a potion of curing
 u - a potion of haste {unknown}


   Skills:
 + Level 3.1 Fighting
 * Level 5.7 Polearms
 - Level 2.0 Throwing
 - Level 4.0 Dodging
 + Level 2.2 Stealth


You had 3 spell levels left.
You didn't know any spells.
Your spell library contained the following spells:

 Spells                   Type           Power      Damage    Failure   Level
 Blink                    Tloc           0%         N/A       82%         2
 Manifold Assault         Tloc           0%         N/A       100%        4
 Storm Form               Tmut/Air       0%         N/A       100%        7


Dungeon Overview and Level Annotations

Branches:
Dungeon (4/15)
 Temple: D:4-7

Altars:
Trog
Zin

Annotations:
D:4 Crazy Yiuf


Innate Abilities, Weirdness & Mutations

((You are very nimble when in or above water. (Stealth+, EV+, Speed+++)))
Your lower body shifts to a powerful aquatic tail in water.


Message History

The jackal is almost dead.
The jackal closely misses you.
You barely miss the jackal.
The jackal is almost dead.
The jackal barely misses you.
You hit the jackal.
You kill the jackal!
You start resting.
HP restored.
b - a +0 sling (weapon)
You see here a jackal corpse.
Found a stone staircase leading down.
v - a scroll labelled HAUTEIXKYA You open the door.
You open the door.
There is an open door here.
Found a hammer.
Found a hammer.
Found a hammer.
Found a hammer.
a - a +0 trident (weapon)
You see here a +0 hammer.
Found a hammer.
Found a runed translucent door.
You see here a +0 hammer.
Found a hammer.
Found a hammer.
As you open the door, it creaks loudly!
Crazy Yiuf yells, "Buddy forty-two sing!"
You barely miss Crazy Yiuf. Crazy Yiuf closely misses you.
You closely miss Crazy Yiuf.
Crazy Yiuf hits you with a +2 quarterstaff of chaos!
You barely miss Crazy Yiuf.
Crazy Yiuf zaps a wand.
The bolt of dispelling energy hits you!!
Ouch! That really hurt!
* * * LOW HITPOINT WARNING * * *
You barely miss Crazy Yiuf. Crazy Yiuf misses you.
You puncture Crazy Yiuf!
Crazy Yiuf is moderately wounded.
Crazy Yiuf hits you with a +2 quarterstaff of chaos!
You die...

...>'......###....#####.#
#...###.#.## #....# #.#
##### #.#..# ♣P.).♣ #.#
#+#### ♣)P.♣♣ #.# ♣♣.♣♣
#.# ♣)♣♣ #.# ♣♣.♣ #.#
♣.♣♣ #.# ♣♣@♣ #.# #g# #.#
).. ##.## #.).# #...#
#..)# ##### #####


You could see Crazy Yiuf.

Vanquished Creatures
  An iguana (D:4)
  2 adders (D:3)
  2 worms
  A dart slug (D:2)
  2 orcs (D:3)
  3 endoplasms
  2 goblins
  7 hobgoblins
  3 jackals (D:4)
  4 quokkas
  3 ball pythons
  3 bats
  7 frilled lizards
  3 kobolds (D:3)
  6 rats
49 creatures vanquished.

Notes
Turn   | Place    | Note
-------+----------+-------------------------------------------
     0 | D:1      | porpoise the Merfolk Gladiator began the quest for the Orb.
     0 | D:1      | Reached XP level 1. HP: 16/16 MP: 1/1
   402 | D:1      | Reached XP level 2. HP: 22/23 MP: 2/2
   602 | D:2      | Reached skill level 1 in Stealth
   819 | D:2      | Found a faded altar of an unknown god.
   838 | D:2      | Reached XP level 3. HP: 24/28 MP: 3/3
  1074 | D:3      | Reached skill level 5 in Polearms
  1352 | D:3      | Reached XP level 4. HP: 34/34 MP: 4/4
  1483 | D:3      | Found a glowing silver altar of Zin.
  1486 | D:3      | Found a bloodstained altar of Trog.
  2011 | D:4      | Found a runed translucent door.
  2012 | D:4      | Noticed Crazy Yiuf
  2020 | D:4      | Slain by Crazy Yiuf

Illustrated notes

Levels and vault maps discovered:
D:1:      moated_graveyard_arrival, layout_basic
D:2:      layout_rooms, shapermc_ecumenical_altar_totnotflames,
          minmay_lizard_pond
D:3:      layout_basic, zin_academy, overflow_temple_1_default,
          minmay_misc_feat_five
D:4:      layout_basic, uniq_crazy_yiuf_cottage, uniq_duvessa

Skill      XL: |  1  2  3  4 |
---------------+-------------+-----
Stealth        | 1 2 |  2.2
Polearms       | 5 |  5.7
Fighting       | 3 |  3.1
Throwing       | |  2.0
Dodging        | |  4.0

Action                     |  1- 3 |  4- 6 || total
---------------------------+-------+-------++-------
  Melee: Trident           |    66 |    39 ||   105
   Fire: Sling             |    84 |    15 ||    99
    Use: Scroll            |     6 |     1 ||     7
         Potion            |     1 |       ||     1
   Stab: Sleeping          |     1 |       ||     1
 Armour: Ring mail         |    35 |    13 ||    48
         Leather armour    |     1 |       ||     1
  Dodge: Dodged            |    50 |    22 ||    72
